 Dungeon Crawl Stone Soup version 0.28.0-1-gb440e238dd (webtiles) character file.

Game seed: 14916471933317479632

8960 Ablot the Thaumaturge (level 11, -8/86 HPs)
             Began as a Gnoll Warper on Feb 24, 2022.
             Was a High Priest of Jiyva.
             Mangled by an orc warlord (26 damage)
             ... in a bailey.
             The game lasted 00:29:23 (9882 turns).

Ablot the Thaumaturge (Gnoll Warper)                Turns: 9882, Time: 00:29:23

Health: -8/86      AC: 20    Str: 15    XL:     11   Next: 39%
Magic:  23/23      EV: 17    Int: 18    God:    Jiyva [*****.]
Gold:   407        SH:  0    Dex: 12    Spells: 21/26 levels left

rFire   . . .      SeeInvis .   a - +1 trident (venom)
rCold   . . .      Faith    +   D - orb {*Rage}
rNeg    . . .      Spirit   .   V - +3 swamp dragon scales
rPois   +          Reflect  .   (no helmet)
rElec   .          Harm     .   K - scarf {repulsion}
rCorr   +          Rampage  .   e - +0 pair of gloves
Will    +++..      Rage     20% z - +0 pair of boots
Stlth   ++........              n - amulet of faith
HPRegen 1.68/turn               R - +6 ring of intelligence
MPRegen 0.63/turn               B - +4 ring of evasion

@: on berserk cooldown, slowed, repel missiles, very slow
A: fangs 1, strong nose, distributed training, iridescent scales 3,
strong-willed 3, acidic bite
a: Renounce Religion, Oozemancy, Slimify


You were in a bailey.
You worshipped Jiyva.
Jiyva was extremely pleased with you.
You visited 2 branches of the dungeon, and saw 11 of its levels.
You also visited: Bailey.

You collected 407 gold pieces.

Inventory:

Hand Weapons
 a - a +1 trident of venom (weapon)
 F - a +0 mace of holy wrath
 I - a +1 vorpal shortbow
 U - a +4 broad axe of flaming
Missiles
 b - 7 boomerangs (quivered)
 d - 4 boomerangs of dispersal
 g - 230 stones
 i - 64 bolts
 x - 84 arrows
 J - 90 sling bullets
Armour
 e - a +0 pair of gloves (worn)
 z - a +0 pair of boots (worn)
 D - an orb of wrath (worn)
 K - a scarf of repulsion (worn)
 T - a +1 cloak
 V - +3 swamp dragon scales (worn)
Magical Staves
 k - a staff of earth
Jewellery
 n - an amulet of faith (around neck)
 w - a ring of protection from fire
 A - an amulet of regeneration
 B - a +4 ring of evasion (right hand)
 Q - a ring of wizardry
 R - a +6 ring of intelligence (left hand)
Wands
 h - a wand of digging (7)
 y - a wand of polymorph (11)
 C - a wand of iceblast (16)
 H - a wand of flame (20)
Scrolls
 c - 2 scrolls of blinking
 f - 4 scrolls of teleportation
 l - 2 scrolls of noise {unknown}
 m - a scroll of torment {unknown}
 p - 6 scrolls of fear
 q - a scroll of immolation {unknown}
 r - 2 scrolls of enchant weapon {unknown}
 t - a scroll of amnesia {unknown}
 v - 2 scrolls of vulnerability {unknown}
 M - 2 scrolls of magic mapping {unknown}
Potions
 o - 3 potions of brilliance
 s - a potion of curing
 u - 3 potions of flight
 E - a potion of berserk rage
 G - a potion of haste
 L - 2 potions of magic
 O - a potion of cancellation {unknown}
 P - a potion of mutation {unknown}
 S - 2 potions of attraction {unknown}


   Skills:
 + Level 7.8 Fighting
 + Level 6.2 Short Blades
 + Level 6.2 Long Blades
 + Level 6.2 Axes
 + Level 6.2 Maces & Flails
 + Level 7.8 Polearms
 + Level 6.2 Staves
 + Level 6.2 Slings
 + Level 6.2 Bows
 + Level 6.2 Crossbows
 + Level 6.8 Throwing
 + Level 6.8 Armour
 + Level 7.8 Dodging
 + Level 6.2 Stealth
 + Level 6.2 Shields
 + Level 6.2 Unarmed Combat
 + Level 8.1 Spellcasting
 + Level 5.1 Conjurations
 + Level 5.1 Hexes
 + Level 5.1 Summonings
 + Level 5.1 Necromancy
 + Level 7.6 Translocations
 + Level 5.1 Transmutations
 + Level 5.1 Fire Magic
 + Level 5.1 Ice Magic
 + Level 5.1 Air Magic
 + Level 5.1 Earth Magic
 + Level 5.1 Poison Magic
 + Level 6.8 Invocations
 + Level 6.2 Evocations


You had 21 spell levels left.
You knew the following spells:

 Your Spells              Type           Power      Damage    Failure   Level
a - Blink                 Tloc           68%        N/A       1%          2
b - Mephitic Cloud        Conj/Pois/Air  26%        N/A       6%          3

Your spell library contained the following spells:

 Spells                   Type           Power      Damage    Failure   Level
 Magic Dart               Conj           100%       1d8       1%          1
 Gell's Gravitas          Tloc           34%        N/A       2%          3
 Lesser Beckoning         Tloc           34%        N/A       2%          3
 Teleport Other           Tloc           34%        N/A       2%          3
 Call Imp                 Summ           26%        N/A       3%          2
 Portal Projectile        Hex/Tloc       60%        N/A       3%          3
 Dazzling Flash           Conj/Hex       52%        N/A       6%          3
 Animate Dead             Necr           13%        N/A       21%         4
 Manifold Assault         Tloc           34%        N/A       21%         5
 Agony                    Necr           26%        N/A       50%         5
 Blade Hands              Tmut           13%        N/A       50%         5
 Borgnjor's Vile Clutch   Necr/Erth      13%        N/A       50%         5
 Excruciating Wounds      Necr           13%        N/A       50%         5
 Silence                  Hex/Air        13%        N/A       50%         5
 Death Channel            Necr           13%        N/A       97%         6


Dungeon Overview and Level Annotations

Branches:
Dungeon (10/15)            Temple (1/1) D:6            Lair (0/6) D:8
 Bailey (1/1)
    Orc: D:9-12

Altars:
Ashenzari
Cheibriados
Dithmenos
Elyvilon
Fedhas
Gozag
Hepliaklqana
Kikubaaqudgha
Makhleb
Nemelex Xobeh
Okawaru
Qazlal
Ru
Sif Muna
Trog
Uskayaw
Vehumet
Wu Jian
Xom
Yredelemnul
The Shining One
Jiyva

Annotations:
D:3 2 transporters
D:5 1 runed translucent door, exclusion: door, Iidacon's ghost, novice DrBe


Innate Abilities, Weirdness & Mutations

You have very sharp teeth.
Your uncanny sense of smell can sniff out nearby items.
Your experience applies equally to all skills.
You are completely covered in iridescent scales. (AC +6)
You are extremely strong-willed. (Will+++)
You have acidic saliva.


Message History

The orc warlord looks as sick as possible!
You bite the orc warlord.
The orc warlord is splashed with acid.
The orc warlord seems to be corroded for longer.
The orc warlord is heavily wounded.
The orc hits you but does no damage.
The orc warlord hits you with a +2 long sword!!
The hobgoblin barely misses you.
You barely miss the orc warlord. Your bite misses the orc warlord.
The orc warlord is severely wounded.
The orc completely misses you.
The orc warlord hits you with a +2 long sword!!
* * * LOW HITPOINT WARNING * * *
Unknown command.
You completely miss the orc warlord.
The orc warlord is severely wounded.
The hobgoblin hits you but does no damage.
Unknown command.
You hit the orc.
The orc is poisoned.
The orc is almost dead.
You are no longer berserk.
You are exhausted.
You feel yourself slow down. The orc misses you.
The orc warlord hits you with a +2 long sword.
* * * LOW HITPOINT WARNING * * *
You hit the orc.
You kill the orc!
The hobgoblin hits you with a +0 hand axe.
* * * LOW HITPOINT WARNING * * *
The orc warlord completely misses you. The hobgoblin misses you.
Unknown command.
You closely miss the orc warlord.
The orc warlord is severely wounded.
The orc warlord hits you with a +2 long sword.
* * * LOW HITPOINT WARNING * * *
The hobgoblin hits you but does no damage.
Unknown command.
You closely miss the orc warlord.
The orc warlord is severely wounded.
The orc warlord hits you with a +2 long sword!!
You die...

∆∆#.. ∆........o8
∆∆#.. ...⌠.... ∆∆#..
.......o ∆∆#..
....... ∆∆#.. ∆
...o.. ### ∆###.
...###.### ###.##
#'#o....### ###.....
##.)@......###.......
#..g........#........
#...........#........
#.....⌠..)).#.....⌠..
#..........))........
#...........#........
##.........###.......
###.....### ###.....
###.### ###.##


You could see an orc warlord (extremely poisoned, corroded) and a hobgoblin.

Vanquished Creatures
  A boulder beetle (D:9)
  An orc knight (Bailey)
  Maurice (D:10)
  3 gargoyles (D:9)
  Maggie (D:10)
  A troll (D:9)
  Grinder (D:6)
  11 yaks
  Eustachio (D:5)
  A basilisk (D:9)
  3 steam dragons
  3 wargs (D:8)
  A water moccasin (D:6)
  A black bear (D:5)
  A hornet zombie (D:4)
  7 orc warriors
  An ice beast (D:5)
  2 centaurs
  A kobold brigand (D:8)
  2 scorpions
  A wyvern skeleton (D:6)
  2 howler monkeys (D:9)
  A jelly (D:5)
  2 hounds
  A bullfrog zombie (D:4)
  A gnoll shaman (D:7)
  2 centaur skeletons
  8 orc priests
  A bullfrog skeleton (D:7)
  Jessica (D:3)
  9 orc wizards
  2 iguanas
  A killer bee zombie (D:5)
  5 howler monkey zombies
  5 gnolls
  5 adders
  A shadow imp (D:7)
  An adder skeleton (D:4)
  A worm (D:4)
  A dart slug (D:3)
  39 orcs
  10 endoplasms
  2 giant cockroaches (D:4)
  14 hobgoblins
  8 jackals
  3 quokkas
  8 ball pythons
  9 bats
  2 frilled lizards (D:3)
  15 goblins
  5 kobolds
  2 quokka skeletons
  4 rats
216 creatures vanquished.

Vanquished Creatures (collateral kills)
  2 orc knights (Bailey)
  A yak (D:9)
  An orc warrior (D:9)
  An orc priest (D:9)
  3 orcs
8 creatures vanquished.

Vanquished Creatures (others)
  A gargoyle (D:9)
  A yak (D:9)
  A wyvern (D:8)
  A centaur (D:9)
  A kobold brigand (D:7)
  18 jellies
  A howler monkey (D:6)
  A bullfrog skeleton (D:7)
  2 gnolls (D:6)
  3 orcs
  A goblin (Bailey)
  3 hobgoblins (Bailey)
  4 kobolds (D:7)
  20 plants (D:8)
58 creatures vanquished.

Grand Total: 282 creatures vanquished

Notes
Turn   | Place    | Note
-------+----------+-------------------------------------------
     0 | D:1      | Ablot the Gnoll Warper began the quest for the Orb.
     0 | D:1      | Reached XP level 1. HP: 20/20 MP: 6/6
    85 | D:1      | Found a faded altar of an unknown god.
   343 | D:1      | Reached XP level 2. HP: 25/26 MP: 7/7
   346 | D:1      | Learned a level 2 spell: Blink
  1340 | D:2      | Reached XP level 3. HP: 31/31 MP: 9/9
  1348 | D:2      | Found a bloodstained altar of Trog.
  1404 | D:2      | Reached skill level 5 in Spellcasting
  1874 | D:2      | Reached skill level 1 in Invocations
  2017 | D:3      | Reached skill level 1 in Short Blades
  2017 | D:3      | Reached skill level 1 in Long Blades
  2017 | D:3      | Reached skill level 1 in Axes
  2017 | D:3      | Reached skill level 1 in Maces & Flails
  2017 | D:3      | Reached skill level 1 in Staves
  2017 | D:3      | Reached skill level 1 in Slings
  2017 | D:3      | Reached skill level 1 in Bows
  2017 | D:3      | Reached skill level 1 in Crossbows
  2017 | D:3      | Reached skill level 1 in Stealth
  2017 | D:3      | Reached skill level 1 in Shields
  2017 | D:3      | Reached skill level 1 in Unarmed Combat
  2017 | D:3      | Reached skill level 1 in Evocations
  2071 | D:3      | Reached XP level 4. HP: 25/38 MP: 11/11
  2245 | D:3      | Found a sparkling altar of Nemelex Xobeh.
  2401 | D:3      | Reached skill level 1 in Conjurations
  2401 | D:3      | Reached skill level 1 in Hexes
  2401 | D:3      | Reached skill level 1 in Summonings
  2401 | D:3      | Reached skill level 1 in Necromancy
  2401 | D:3      | Reached skill level 1 in Transmutations
  2401 | D:3      | Reached skill level 1 in Fire Magic
  2401 | D:3      | Reached skill level 1 in Ice Magic
  2401 | D:3      | Reached skill level 1 in Air Magic
  2401 | D:3      | Reached skill level 1 in Earth Magic
  2401 | D:3      | Reached skill level 1 in Poison Magic
  2576 | D:3      | Reached XP level 5. HP: 43/43 MP: 12/12
  2592 | D:3      | Found a transporter.
  2632 | D:3      | Found a sacrificial altar of Ru.
  2632 | D:3      | Noticed Jessica
  2661 | D:3      | Killed Jessica
  2773 | D:3      | Found a transporter.
  3188 | D:4      | Reached XP level 6. HP: 9/50 MP: 13/13
  3650 | D:4      | Reached skill level 5 in Fighting
  3650 | D:4      | Reached skill level 5 in Polearms
  3650 | D:4      | Reached skill level 5 in Dodging
  4079 | D:4      | Found a white marble altar of Elyvilon.
  4080 | D:4      | Found a shimmering blue altar of Sif Muna.
  4091 | D:4      | Became a worshipper of Elyvilon the Healer
  4219 | D:4      | Reached XP level 7. HP: 56/56 MP: 15/15
  4540 | D:5      | Entered Level 5 of the Dungeon
  4685 | D:5      | Reached * piety under Elyvilon
  4688 | D:5      | Noticed Eustachio
  4695 | D:5      | Killed Eustachio
  4754 | D:5      | Found a runed translucent door.
  4755 | D:5      | Noticed Iidacon's ghost (novice DrBe)
  4947 | D:5      | Reached XP level 8. HP: 63/63 MP: 16/16
  5097 | D:5      | Found a burning altar of Makhleb.
  5273 | D:6      | Noticed Grinder
  5324 | D:6      | Found a staircase to the Ecumenical Temple.
  5329 | Temple   | Entered the Ecumenical Temple
  5420 | Temple   | Fell from the grace of Elyvilon
  5420 | Temple   | Became a worshipper of Jiyva Jecur the Shapeless
  5630 | D:6      | Noticed a yak
  5630 | D:6      | Noticed a yak
  5654 | D:6      | Killed a yak
  5655 | D:6      | Reached skill level 6 in Spellcasting
  5741 | D:6      | Noticed a yak
  5743 | D:6      | Noticed a yak
  5744 | D:6      | Noticed a yak
  5745 | D:6      | Noticed a yak
  5758 | D:6      | Killed a yak
  5762 | D:6      | Killed a yak
  5768 | D:6      | Killed a yak
  5773 | D:6      | Killed a yak
  5774 | D:6      | Reached XP level 9. HP: 31/69 MP: 18/18
  6036 | D:6      | Found a snail-covered altar of Cheibriados.
  6197 | D:6      | Reached * piety under Jiyva
  6243 | D:6      | Found a hazy altar of Hepliaklqana.
  6244 | D:6      | Found a shimmering altar of Xom.
  6245 | D:6      | Noticed a spectral ugly thing
  6273 | D:6      | Paralysed by Grinder for 4 turns
  6274 | D:6      | Killed Grinder
  6559 | D:6      | Reached skill level 5 in Throwing
  6559 | D:6      | Reached skill level 5 in Armour
  6774 | D:7      | Reached ** piety under Jiyva
  7570 | D:7      | Reached *** piety under Jiyva
  7742 | D:8      | Gained mutation: You have a small jelly attached to you
                  | that senses nearby items. [Jiyva's grace]
  7742 | D:8      | Gained mutation: You are partially covered in iridescent
                  | scales. (AC +2) [Jiyva's grace]
  7742 | D:8      | Gained mutation: You are mostly covered in iridescent
                  | scales. (AC +4) [Jiyva's grace]
  7742 | D:8      | Gained mutation: You are completely covered in iridescent
                  | scales. (AC +6) [Jiyva's grace]
  8104 | D:8      | Reached skill level 5 in Invocations
  8146 | D:8      | Reached **** piety under Jiyva
  8158 | D:8      | Found a staircase to the Lair.
  8243 | D:8      | Reached skill level 7 in Spellcasting
  8257 | D:8      | Reached XP level 10. HP: 77/77 MP: 20/20
  8431 | D:8      | Reached skill level 5 in Short Blades
  8431 | D:8      | Reached skill level 5 in Long Blades
  8431 | D:8      | Reached skill level 5 in Axes
  8431 | D:8      | Reached skill level 5 in Maces & Flails
  8431 | D:8      | Reached skill level 5 in Staves
  8431 | D:8      | Reached skill level 5 in Slings
  8431 | D:8      | Reached skill level 5 in Bows
  8431 | D:8      | Reached skill level 5 in Crossbows
  8431 | D:8      | Reached skill level 5 in Stealth
  8431 | D:8      | Reached skill level 5 in Shields
  8431 | D:8      | Reached skill level 5 in Unarmed Combat
  8431 | D:8      | Reached skill level 5 in Evocations
  8519 | D:8      | Found an ancient bone altar of Kikubaaqudgha.
  8683 | D:9      | Reached ***** piety under Jiyva
  8700 | D:9      | Found a radiant altar of Vehumet.
  8908 | D:9      | Learned a level 3 spell: Mephitic Cloud
  8921 | D:9      | Found a shadowy altar of Dithmenos.
  8979 | D:9      | Found a basalt altar of Yredelemnul.
  9072 | D:9      | Lost mutation: You have a small jelly attached to you that
                  | senses nearby items. [Jiyva's grace]
  9072 | D:9      | Gained mutation: You are strong-willed. (Will+) [Jiyva's
                  | grace]
  9072 | D:9      | Gained mutation: You are highly strong-willed. (Will++)
                  | [Jiyva's grace]
  9072 | D:9      | Gained mutation: You are extremely strong-willed. (Will+++)
                  | [Jiyva's grace]
  9072 | D:9      | Gained mutation: You have acidic saliva. [Jiyva's grace]
  9116 | D:9      | Noticed a boulder beetle
  9130 | D:9      | Killed a boulder beetle
  9272 | D:9      | Noticed a gargoyle
  9281 | D:9      | Killed a gargoyle
  9285 | D:9      | Noticed a gargoyle
  9285 | D:9      | Noticed a gargoyle
  9286 | D:9      | Noticed a gargoyle
  9296 | D:9      | Killed a gargoyle
  9297 | D:9      | Killed a gargoyle
  9298 | D:9      | Reached XP level 11. HP: 59/84 MP: 22/22
  9464 | D:10     | Entered Level 10 of the Dungeon
  9515 | D:10     | Noticed Maurice
  9525 | D:10     | Killed Maurice
  9554 | D:10     | Noticed Maggie
  9568 | D:10     | Killed Maggie
  9569 | D:10     | Reached skill level 5 in Conjurations
  9569 | D:10     | Reached skill level 5 in Hexes
  9569 | D:10     | Reached skill level 5 in Summonings
  9569 | D:10     | Reached skill level 5 in Necromancy
  9569 | D:10     | Reached skill level 5 in Transmutations
  9569 | D:10     | Reached skill level 5 in Fire Magic
  9569 | D:10     | Reached skill level 5 in Ice Magic
  9569 | D:10     | Reached skill level 5 in Air Magic
  9569 | D:10     | Reached skill level 5 in Earth Magic
  9569 | D:10     | Reached skill level 5 in Poison Magic
  9604 | D:10     | Found a flagged portal.
  9625 | Bailey   | Entered a bailey
  9758 | Bailey   | Noticed an orc knight
  9785 | Bailey   | Killed an orc knight
  9786 | Bailey   | Reached skill level 8 in Spellcasting
  9808 | Bailey   | Noticed an orc knight
  9828 | Bailey   | Noticed an orc knight
  9839 | Bailey   | Killed an orc knight
  9842 | Bailey   | Killed an orc knight
  9862 | Bailey   | Noticed an orc warlord
  9882 | Bailey   | Mangled by an orc warlord

Illustrated notes

Levels and vault maps discovered:
D:1:      scummos_arrival_hexagon, layout_loops_corners,
          shapermc_ecumenical_altar_gd, chequers_decorated_corner
D:2:      layout_basic, basic_altar, dk_vineyard_2
D:3:      gammafunk_wand_slinger, layout_rooms, lemuel_tele_altar,
          nemelex_dance_club_becter, uniq_jessica
D:4:      minmay_clustersquares, layout_basic, gammafunk_temple_overflow_pools
D:5:      layout_rooms, mainiacjoe_overflow_24_doors, gammafunk_ghost_grave,
          uniq_eustachio
D:6:      layout_gridville, regret_index_temple_of_mockery,
          overflow_temple_1_default, temple_doors_e, serial_rivers,
          chequers_serial_rivers_micro_d, chequers_serial_rivers_micro_b,
          chequers_serial_rivers_micro_a, chequers_serial_rivers_small_3,
          chequers_serial_rivers_small_a, uniq_grinder
D:7:      layout_cave_pods, amcnicky_mini_corridor_feature, grunt_ministairs_15
D:8:      layout_gridville, mainiacjoe_overflow_cross_hatched,
          erik_lair_orcish_takeover
D:9:      cheibrodos_statue_roulette, layout_gridville,
          nicolae_dithmenos_shadow_blocks, lemuel_round_altar,
          lemuel_crystal_altar, minmay_checkerbox
D:10:     layout_irregular_city, lemuel_round_altar, enter_bailey_5,
          chequers_serial_rivers_large_b, uniq_maurice, uniq_maggie
Temple:   pf_slimified_temple
Bailey:   bailey_axe_minmay_hex_keep, bailey

Skill      XL: |  1  2  3  4  5  6  7  8  9 10 11 |
---------------+----------------------------------+-----
Spellcasting   | 5 6 7 8 |  8.1
Invocations    | 1 2 3 4 5 6 |  6.8
Short Blades   | 1 2 3 4 5 6 |  6.2
Long Blades    | 1 2 3 4 5 6 |  6.2
Axes           | 1 2 3 4 5 6 |  6.2
Maces & Flails | 1 2 3 4 5 6 |  6.2
Staves         | 1 2 3 4 5 6 |  6.2
Slings         | 1 2 3 4 5 6 |  6.2
Bows           | 1 2 3 4 5 6 |  6.2
Crossbows      | 1 2 3 4 5 6 |  6.2
Stealth        | 1 2 3 4 5 6 |  6.2
Shields        | 1 2 3 4 5 6 |  6.2
Unarmed Combat | 1 2 3 4 5 6 |  6.2
Evocations     | 1 2 3 4 5 6 |  6.2
Conjurations   | 1 2 3 4 5 |  5.1
Hexes          | 1 2 3 4 5 |  5.1
Summonings     | 1 2 3 4 5 |  5.1
Necromancy     | 1 2 3 4 5 |  5.1
Transmutations | 1 2 3 4 5 |  5.1
Fire Magic     | 1 2 3 4 5 |  5.1
Ice Magic      | 1 2 3 4 5 |  5.1
Air Magic      | 1 2 3 4 5 |  5.1
Earth Magic    | 1 2 3 4 5 |  5.1
Poison Magic   | 1 2 3 4 5 |  5.1
Throwing       | 3 4 5 6 |  6.8
Armour         | 3 4 5 6 |  6.8
Fighting       | 5 6 7 |  7.8
Polearms       | 5 6 7 |  7.8
Dodging        | 5 6 7 |  7.8
Translocations | 6 7 |  7.6

Action                   |  1- 3 |  4- 6 |  7- 9 | 10-12 || total
-------------------------+-------+-------+-------+-------++-------
Melee: Spear             |   144 |   168 |       |       ||   312
       Bite              |    11 |    11 |    24 |    24 ||    70
       Punch             |     2 |     1 |       |       ||     3
       Trident           |       |    25 |   302 |   273 ||   600
Throw: Dart              |       |       |     3 |     1 ||     4
       Boomerang         |       |       |     1 |     2 ||     3
Invok: Oozemancy         |       |       |       |     1 ||     1
       Slimify           |       |       |       |     1 ||     1
  Use: Scroll            |       |       |     3 |    10 ||    13
 Stab: Sleeping          |     1 |     2 |     4 |     3 ||    10
       Distracted        |       |       |       |     1 ||     1
Armor: Leather armour    |    23 |    28 |    58 |    30 ||   139
       Swamp dragon scal |       |       |       |    24 ||    24
Dodge: Dodged            |    60 |    78 |   207 |   167 ||   512
       Repelled          |       |       |     3 |     8 ||    11
